AoeStats
← montormtr

Arena

507745835Analyzed
3v3 RM · 17d ago on Sep 19, 2026· 57m 10s· 6 players
Game mode
Random Map
Map size
Normal (6 player)
Population
200
Speed
Normal
Resources
Standard
Victory
Conquest
Starting age
Dark Age
Ending age
Imperial Age
RankedLock teamsTeams togetherTeam positionsShared explorationLock speedFull tech treeHidden civsTurbo modeCheats
Victory
Defeat
🇲🇽 Teutons · Mexico
1151
+10
🇲🇽 Khmer · Mexico
877
+21
🇲🇽 Huns · Mexico
864
+23
vs
🇧🇪 Britons · Belgium
1075
-21
🇻🇳 Franks · Vietnam
981
-17
🇨🇳 Khmer · China
961
-16
feanor111
8:37 Loom
10:22 Feudal Age
15:03 Castle Age
13:57 Fletching
15:59 Horse Collar
16:52 Double-Bit Axe
20:37 Bodkin Arrow
21:12 Bow Saw
25:17 Town Watch
26:47 Gold Mining
32:17 Man-at-Arms
37:16 Imperial Age
34:53 Padded Archer Armor
38:03 Bracer
38:46 Ballistics
39:44 Chemistry
41:47 Elite Longbowman
44:29 Wheelbarrow
43:54 Town Patrol
44:37 Gold Shaft Mining
46:40 Conscription
47:24 Leather Archer Armor
47:48 Yeomen
Soimeomeo
12:03 Feudal Age
15:53 Castle Age
14:08 Double-Bit Axe
16:55 Bow Saw
19:38 Gold Mining
30:42 Imperial Age
30:53 Scale Barding Armor
31:53 Gold Shaft Mining
31:27 Husbandry
30:56 Cavalier
31:59 Chain Barding Armor
32:59 Conscription
34:08 Plate Barding Armor
34:53 Forging
36:14 Paladin
39:52 Iron Casting
42:24 Blast Furnace
42:37 Elite Throwing Axeman
着什么急
10:51 Feudal Age
13:45 Castle Age
11:38 Double-Bit Axe
12:05 Stone Mining
12:07 Horse Collar
15:25 Heavy Plow
18:49 Bow Saw
22:12 Wheelbarrow
23:19 Gold Mining
24:14 Hand Cart
24:47 Gold Shaft Mining
26:51 Stone Shaft Mining
27:07 Loom
30:24 Imperial Age
29:27 Caravan
31:24 Scale Barding Armor
31:31 Bloodlines
31:21 Husbandry
31:43 Conscription
30:54 Elite Ballista Elephant
31:36 Double Crossbow
33:56 Chain Barding Armor
41:24 Heavy Scorpion
45:15 Pikeman
45:41 Arson
47:48 Halberdier
montormtr
9:34 Feudal Age
14:55 Castle Age
29:27 Imperial Age
31:23 Double-Bit Axe
33:49 Bow Saw
35:50 Elite Skirmisher
38:42 Pikeman
41:24 Gold Mining
41:32 Pikeman
42:12 Horse Collar
44:26 Forging
44:18 Scale Mail Armor
43:51 Halberdier
45:42 Loom
46:32 Wheelbarrow
45:42 Town Watch
47:23 Fletching
47:33 Padded Archer Armor
48:39 Chemistry
47:59 Ballistics
47:50 Fortified Wall
47:36 Murder Holes
47:57 Heavy Plow
48:49 Siege Engineers
48:55 Masonry
49:22 Leather Archer Armor
49:02 Bodkin Arrow
49:36 Hand Cart
53:29 Tusk Swords
52:49 Elite Ballista Elephant
53:33 Double Crossbow
mgmont_87
10:35 Feudal Age
19:22 Castle Age
18:51 Horse Collar
19:24 Double-Bit Axe
19:36 Light Cavalry
20:50 Husbandry
22:21 Bloodlines
23:21 Squires
25:17 Bow Saw
27:41 Forging
27:33 Scale Mail Armor
27:04 Pikeman
29:17 Stone Mining
30:26 Town Watch
30:27 Loom
31:18 Wheelbarrow
31:22 Iron Casting
31:04 Chain Mail Armor
30:55 Scale Barding Armor
34:19 Town Patrol
34:53 Chain Barding Armor
35:19 Arson
37:20 Hand Cart
38:55 Gold Mining
44:18 Imperial Age
43:53 Gold Shaft Mining
44:38 Hussar
44:51 Cavalier
49:13 Coinage
48:53 Guilds
48:44 Caravan
49:50 Two-Man Saw
53:58 Atheism
55:02 Marauders
55:55 Sanctity
55:36 Atonement
55:47 Fervor
Huge.Master
8:41 Loom
11:45 Feudal Age
15:41 Castle Age
13:46 Double-Bit Axe
14:01 Horse Collar
20:16 Forging
20:12 Scale Barding Armor
24:58 Iron Casting
24:53 Bow Saw
25:10 Chain Barding Armor
26:25 Wheelbarrow
27:20 Heavy Plow
29:27 Bloodlines
29:49 Hand Cart
32:47 Imperial Age
30:22 Scale Mail Armor
29:47 Pikeman
30:27 Squires
30:13 Arson
32:55 Cavalier
34:45 Chemistry
33:56 Fortified Wall
33:52 Siege Engineers
34:49 Two-Man Saw
34:21 Crop Rotation
34:35 Conscription
33:37 Elite Teutonic Knight
34:41 Halberdier
36:16 Paladin
37:56 Chain Mail Armor
40:41 Plate Mail Armor
41:12 Blast Furnace
40:47 Plate Barding Armor
42:20 Blast Furnace
41:56 Plate Barding Armor
47:56 Ironclad
Connection lost

Rejoining the realm…

Still unreachable

The connection could not be restored.

Session expired

The server has moved on; the page needs a fresh start.